 Dungeon Crawl Stone Soup version 0.31-a0-188-g5e087ee2ca (webtiles) character file.

Game seed: 14596729481946857070

6 qw the Shooter (level 1, -1/12 HPs)
             Began as a Deep Elf Hunter on June 23, 2023.
             Slain by a hobgoblin (4 damage)
             ... on level 1 of the Dungeon.
             The game lasted 00:00:02 (132 turns).

qw the Shooter (Deep Elf Hunter)                     Turns: 132, Time: 00:00:03

Health: -1/12      AC:  3    Str:  8    XL:     1   Next: 75%
Magic:  3/3        EV: 12    Int: 13    God:
Gold:   23         SH:  0    Dex: 18    Spells: 0/0 levels left

rFire   . . .        a - +0 shortbow
rCold   . . .        (shield currently unavailable)
rNeg    . . .        c - +0 leather armour
rPois   .            (no helmet)
rElec   .            (no cloak)
rCorr   .            (no gloves)
SInv    .            (no boots)
Will    .....        (no amulet)
Stlth   ++           (no ring)
HPRegen 0.22/turn    (no ring)
MPRegen 0.08/turn

%: no passive effects
@: no status effects
A: no striking features
a: no special abilities


You were on level 1 of the Dungeon.
You visited 1 branch of the dungeon, and saw 1 of its levels.

You collected 23 gold pieces.


   Skills:
 - Level 1.5 Fighting
 + Level 5.8 Ranged Weapons
 - Level 2.4 Dodging
 - Level 1.2 Stealth


You couldn't memorise any spells.
You didn't know any spells.
Your spell library was empty.

Inventory:

Hand Weapons
 a - a +0 shortbow (weapon)
Armour
 c - a +0 leather armour (worn)
Scrolls
 b - a scroll of butterflies
Potions
 d - a potion of magic {unknown}

Dungeon Overview and Level Annotations

Branches:
Dungeon (1/15)

Altars:


Message History

You shoot an arrow. The arrow hits the ball python!
You kill the ball python!
Found a spear.
You see here a rat corpse.
A kobold, a ball python and a rat come into view.
The kobold is wielding a +1 whip of draining.
Enter note: You shoot an arrow.
The arrow hits the ball python!
You kill the ball python!
You shoot an arrow. The arrow hits the kobold.
The kobold shouts!
The kobold is severely wounded.
You hear a shout!
A gnoll comes into view. It is wielding a +0 spear.
You shoot an arrow. The arrow barely misses the kobold.
The kobold throws a stone.
The stone closely misses you.
A rat comes into view.
You shoot an arrow. The arrow hits the kobold.
You kill the kobold!
A hobgoblin comes into view.
You shoot an arrow. The hobgoblin shouts!
The arrow hits the gnoll!
The gnoll is heavily wounded.
An endoplasm comes into view.
You shoot an arrow. The arrow barely misses the gnoll.
The endoplasm quivers.
The gnoll closely misses you.
You shoot an arrow. The arrow hits the rat!
You kill the rat!
The gnoll hits you from afar with a +0 spear. x2
You shoot an arrow. The arrow barely misses the rat.
The gnoll closely misses you. The rat bites you but does no damage.
You shoot an arrow. The arrow closely misses the rat.
The gnoll hits you from afar with a +0 spear.
The rat closely misses you.
You shoot an arrow. The arrow hits the rat.
You kill the rat!
The gnoll barely misses you. The hobgoblin hits you.
You die...

.. ..# .... #.# #.#)#
#.# # ..... #.# .#
#....##.##.#
#..g.....#####
..##.Jg........#########
#..)..%@# .#%..%..%#
#.#.##.%##### .#%%..%.%.
#.......# .#..%.%..#
#...#####.# .#%<.###>#
#.## ###.##.#..%..%.#
... #......#%%%.%.%. ##.
#.###..#......%# #
##.###.##########
###...##.#


You could see a gnoll, an endoplasm and a hobgoblin.

Vanquished Creatures
  A hobgoblin (D:1)
  A kobold (D:1)
  2 ball pythons (D:1)
  3 rats (D:1)
7 creatures vanquished.

Notes
Turn   | Place    | Note
-------+----------+-------------------------------------------
     0 | D:1      | qw the Deep Elf Hunter began the quest for the Orb.
     0 | D:1      | Reached XP level 1. HP: 12/12 MP: 3/3
     0 | D:1      | 0 ||| qw: Version: 0.3-a-9-g12657ce
     0 | D:1      | 0 ||| qw: Game counter: 3997
     0 | D:1      | 0 ||| qw: Always use a shield: true
     0 | D:1      | 0 ||| qw: God list: Okawaru
     0 | D:1      | 0 ||| qw: Allow faded altars: false
     0 | D:1      | 0 ||| qw: Do Orc after D:15 true
     0 | D:1      | 0 ||| qw: Do second Lair branch before Depths: true
     0 | D:1      | 0 ||| qw: Lair rune preference: random
     0 | D:1      | 0 ||| qw: Plans: Normal
     0 | D:1      | 0 ||| PLANNING D:1-11
   131 | D:1      | HP: 3/12 [gnoll/+0 spear (1)]
   132 | D:1      | Slain by a hobgoblin

Levels and vault maps discovered:
D:1:      heliophobic_arrival_battle_scene, layout_loops_ring,
          minmay_tromino_v4_c

Action                     || total
---------------------------++-------
   Fire: Shortbow          ||    13
 Armour: Leather armour    ||     1
  Dodge: Dodged            ||     5

Table legend:
 A = Non-vault XP
 B = Vault XP
 C = Vault XP percentage of total XP
 D = Non-vault monster count
 E = Vault monster count
 F = Vault count percentage of total count
                 A         B        C        D         E       F
            +---------+---------+-------+---------+---------+-------
      Total |       6 |       4 |  40.0 |       5 |       2 |  28.6
            +---------+---------+-------+---------+---------+-------
        D:1 |       6 |       4 |  40.0 |       5 |       2 |  28.6
            +---------+---------+-------+---------+---------+-------
